 Dungeon Crawl Stone Soup version 0.15-a0-756-g319e367 (webtiles) character file.

64034 4tharraofdagon the Martial Artist (level 14, -8/121 (124) HPs)
             Began as a Black Draconian Transmuter on May 12, 2014.
             Was the Champion of Cheibriados.
             Mangled by a greater naga
             ... wielding a +2,+1 flail
              (33 damage)
             ... on Level 5 of the Snake Pit.
             The game lasted 01:25:59 (9527 turns).

4tharraofdagon the Martial Artist (DrTm)            Turns: 9527, Time: 01:26:00

HP  -8/121 (124) AC 10     Str 27      XL: 14   Next: 70%
MP  25/26        EV 23     Int 29      God: Cheibriados [******]
Gold 1215        SH  0     Dex 32      Spells:  8 memorised,  3 levels left

rFire  + . .     SeeInvis .       - Unarmed
rCold  + + .     Clarity  .     (armour unavailable)
rNeg   + . .     Conserve +     (shield currently unavailable)
rPois  +         rCorr    .     t - +2 hat
rElec  +         rRot     .     (no cloak)
SustAb . .       Spirit   .     l - melded +0 pair of gloves
rMut   .         Warding  .     (no boots)
Gourm  .         Stasis   .     J - amulet of conservation
MR     +....                    U - ring of Henotheism {rPois rC++ rN+}
                                c - ring of regeneration

@: blade hands, flying, lethally poisoned, bribing [], very slow, somewhat
resistant to hostile enchantments, stealthy
A: breathe lightning, able to fly continuously, unfitting armour, large and
strong wings, agile 1, breathe flames 1, fire resistance 1, low mp 1, sense
surroundings 1, electricity resistance, spit poison 1, weak 1, AC +8
a: Spit Poison, Breathe Lightning, Stop Flying, End Transformation, Bend Time,
Temporal Distortion, Slouch, Step From Time, Renounce Religion, Breathe Fire


You were on level 5 of the Snake Pit.
You worshipped Cheibriados.
Cheibriados was exalted by your worship.
You were not hungry.
Your hands were blades.
You visited 3 branches of the dungeon, and saw 25 of its levels.
You also visited: Labyrinth, Sewer and Ice Cave.

You collected 1215 gold pieces.

Inventory:

Hand weapons
 e - a +2 blowgun
Missiles
 g - 2 throwing nets
 w - 9 javelins (quivered)
Armour
 l - a +0 pair of gloves (melded)
 t - a +2 hat (worn)
Magical devices
 h - a wand of cold (4)
 p - a wand of fire (4)
 B - a wand of lightning (0)
 L - a wand of fireball (6)
 R - a wand of enslavement (8)
 X - a wand of cold (12)
 Y - a wand of disintegration (6)
Comestibles
 a - 10 bread rations
 H - 3 meat rations
 Z - a snozzcumber
Scrolls
 j - 4 scrolls of fog
 k - a scroll of blinking
 m - a scroll of identify
 o - 7 scrolls of remove curse
 r - 2 scrolls of teleportation
 z - a scroll of noise
 E - a scroll of enchant armour
 G - a scroll of magic mapping
 T - a scroll of amnesia
Jewellery
 c - a ring of regeneration (left scythe-like blade)
 v - an uncursed ring of protection from fire
 y - an uncursed amulet of resist mutation
 C - an uncursed ring of invisibility
 J - an amulet of conservation (around neck)
 K - an uncursed ring of teleport control
 S - an uncursed ring of positive energy
 U - the ring of Henotheism (right scythe-like blade) {rPois rC++ rN+}
   (You found it in an ice cave)

   [ring of poison resistance]

   It greatly protects you from cold.
   It protects you from poison.
   It protects you from negative energy.
 V - the ring "Plog" {Str+6 SInv Stlth-}
   (You found it in a labyrinth)

   [ring of strength]

   It affects your strength (+6).
   It enhances your eyesight.
   It makes you less stealthy.
Potions
 i - 7 potions of restore abilities
 n - a potion of lignification
 q - 2 potions of magic
 s - 5 potions of might
 x - a potion of flight
 A - 2 potions of heal wounds
 D - 7 potions of curing
 F - a potion of brilliance
 Q - 2 potions of cure mutation
Books
 b - a tome of Destruction
 d - a book of Changes

   Spells                             Type                      Level
   Beastly Appendage                  Transmutation                1
   Sticks to Snakes                   Transmutation                2
   *Spider Form                       Transmutation/Poison         3
   *Ice Form                          Ice/Transmutation            4
   *Blade Hands                       Transmutation                5
 I - a book of Debilitation

   Spells                             Type                      Level
   Corona                             Hexes                        1
   Slow                               Hexes                        2
   Inner Flame                        Hexes/Fire                   3
   Enslavement                        Hexes                        4
   Cause Fear                         Hexes                        4
   Leda's Liquefaction                Hexes/Earth                  4
 O - a book of the Warp

   Spells                             Type                      Level
   *Control Teleport                  Charms/Translocation         4
   Phase Shift                        Translocation                5
   Warp Weapon                        Charms/Translocation         5
   Dispersal                          Translocation                6
   Controlled Blink                   Translocation                7
   Disjunction                        Translocation                8
 P - the Reference Book on Darkness and the Traveller
   (You found it on level 11 of the Dungeon)

   Spells                             Type                      Level
   *Animate Skeleton                  Necromancy                   1
   Pain                               Necromancy                   1
   Corpse Rot                         Necromancy                   2
   *Control Teleport                  Charms/Translocation         4
   Animate Dead                       Necromancy                   4
   Disjunction                        Translocation                8
 W - a book of Minor Magic

   Spells                             Type                      Level
   Magic Dart                         Conjuration                  1
   *Blink                             Translocation                2
   Call Imp                           Summoning                    2
   *Repel Missiles                    Charms/Air                   2
   Slow                               Hexes                        2
   *Conjure Flame                     Conjuration/Fire             3
   Mephitic Cloud                     Conjuration/Poison/Air       3
Magical staves
 u - an uncursed staff of earth
Miscellaneous
 f - a plain deck of changes
 M - a lamp of fire (inert)
 N - a disc of storms


   Skills:
 + Level 11.0 Fighting
 + Level 8.9 Dodging
 - Level 5.0 Stealth
 * Level 14.0 Unarmed Combat
 - Level 7.4 Spellcasting
 - Level 5.5 Translocations
 - Level 10.1 Transmutations
 + Level 9.4 Invocations
 - Level 6.0 Evocations


You had 3 spell levels left.
You knew the following spells:

 Your Spells              Type           Power        Failure   Level  Hunger
a - Repel Missiles        Chrm/Air       ##....       45%         2    None
b - Spider Form           Trmt/Pois      #####.....   21%         3    None
c - Ice Form              Ice/Trmt       #####.....   45%         4    ##.....
d - Blade Hands           Trmt           ######....   24%         5    ####...
e - Control Teleport      Chrm/Tloc      ####......   58%         4    ##.....
f - Conjure Flame         Conj/Fire      ##......     58%         3    None
g - Blink                 Tloc           N/A          14%         2    None
h - Animate Skeleton      Necr           N/A          36%         1    None


Dungeon Overview and Level Annotations

Branches:
Dungeon (12/15)               Orc (0/4) D:9            Lair (8/8) D:9
  Snake (5/5) Lair:4        Slime (0/6) Lair:8
 Temple: D:4-7        Swamp: Lair:3-6    Shoals: Lair:3-6    Spider: Lair:3-6

Altars:
Cheibriados
Dithmenos
Fedhas
Gozag
Qazlal
Trog
Yredelemnul
Zin
Beogh

Portals:
Trove: D:11 (give 4 scrolls of blinking)

Annotations:
D:4 Natasha
D:12 Joseph, Nergalle


Innate Abilities, Weirdness & Mutations

You can breathe wild blasts of lightning.*
You can fly continuously.
Your glossy black scales are hard (AC +8).*
Your body does not fit into most forms of armour.
Your cold-blooded metabolism reacts poorly to cold.
Your wings are large and strong.*
You are resistant to electric shocks.*
You are agile. (Dex +2)
You can breathe flames.
Your flesh is heat resistant.*
Your magical capacity is low (-10% MP).
You passively map a small area around you.
You can spit poison.
You are weak. (Str -2)


Message History

The greater naga is lightly wounded.
Unknown command.
Unknown command.
Unknown command.
You shred the greater naga!!!
The greater naga is severely wounded.
You are poisoned.
The water moccasin closely misses you. The greater naga hits you with a flail!
* * * LOW HITPOINT WARNING * * *
The greater naga misses you.
Unknown command.
Unknown command.
Unknown command.
You barely miss the greater naga.
You slash the greater naga, but do no damage.
The greater naga is severely wounded.
You feel sick.
* * * LOW HITPOINT WARNING * * *
The water moccasin closely misses you. The greater naga hits you with a flail!
You die...

** *### ** ....
.....####
........%##########
.......%%NSN......###
*
......N..##@........#
......S.##.........#
........##.........#
,
...#...............#
,, .
+...............#
#...............#
#........####'### ,
........####.# , *
#..........##'##


You could see a greater naga, a naga ritualist and a water moccasin.

Vanquished Creatures
  Asterion (Snake:1)
  Vashnia (Snake:5)
  A sphinx (Snake:1)
  Kirke (Snake:1)
  A frost giant (IceCv)
  6 dire elephants (Lair:8)
  A minotaur (Lab)
  A naga warrior (Snake:2)
  3 hydras
  2 anacondas
  3 shock serpents
  3 death yaks (IceCv)
  5 naga sharpshooters
  An unseen horror (D:11)
  2 mana vipers (Snake:3)
  A manticore (Snake:1)
  14 black mambas
  17 elephants
  4 spiny frogs
  Psyche (D:12)
  A gargoyle (D:11)
  A komodo dragon (Lair:3)
  4 blink frogs (Lair:8)
  5 giant fireflies (Lair:6)
  12 polar bears
  A two-headed ogre (D:11)
  A spriggan (Lair:2)
  A basilisk (Lair:5)
  52 yaks
  4 hogs (Snake:1)
  An elephant slug (Lair:7)
  A deep elf mage (D:11)
  Grum (D:8)
  6 hippogriffs
  30 wolves
  9 nagas
  2 sharks (Lair:5)
  7 porcupines
  10 water moccasins
  2 orc warriors
  2 sky beasts
  3 ogres
  A necrophage (D:5)
  A yellow wasp (D:12)
  2 black bears
  2 centaurs
  10 crocodiles
  2 hog skeletons (Snake:1)
  6 giant slugs
  A gnoll sergeant (D:11)
  8 giant frogs
  4 big kobolds
  3 scorpions
  A yak zombie (D:9)
  A wyvern skeleton (D:10)
  4 killer bees (D:11)
  A hippogriff skeleton (D:8)
  3 wights (D:7)
  4 goliath beetles
  A jelly (D:5)
  A quasit (D:7)
  A big fish (Sewer)
  A crimson imp (D:8)
  A giant frog zombie (D:5)
  8 hounds
  5 orc priests
  A black bear skeleton (D:7)
  4 iguanas
  6 orc wizards
  8 worker ants
  4 sheep (Lair:1)
  A worker ant zombie (D:6)
  9 gnolls
  37 green rats
  An orc zombie (D:10)
  A shadow imp (D:7)
  8 adders
  An orc skeleton (D:11)
  10 worms
  5 giant mites
  An inept feature mimic (D:2)
  An adder skeleton (D:7)
  10 giant geckos
  27 orcs
  A bat skeleton (D:5)
  A giant cockroach (D:5)
  10 hobgoblins
  33 kobolds
  5 quokkas
  A ball python (D:1)
  13 bats
  A giant newt (D:6)
  A gnoll skeleton (D:4)
  4 goblins
  A goblin skeleton (D:4)
  23 jackals
  17 rats
  A rat skeleton (D:5)
  2 plants (Lair:8)
546 creatures vanquished.

Vanquished Creatures (collateral kills)
  A hydra (Lair:8)
  3 elephants (Lair:8)
  A spiny frog (Lair:8)
  A plant (Lair:8)
6 creatures vanquished.

Vanquished Creatures (others)
  A naga skeleton (Snake:5)
  A shock serpent skeleton (Snake:5)
  A polar bear (IceCv)
  A yak (IceCv)
  A hog skeleton (Snake:1)
  2 yak skeletons
  A wolf skeleton (IceCv)
  5 fungi (Lair:5)
  5 plants
18 creatures vanquished.

Grand Total: 570 creatures vanquished

Notes
Turn   | Place    | Note
--------------------------------------------------------------
     0 | D:1      | 4tharraofdagon, the Draconian Transmuter, began the quest for the Orb.
     0 | D:1      | Reached XP level 1. HP: 16/16 MP: 3/3
    84 | D:1      | Reached XP level 2. HP: 18/23 MP: 2/4
   186 | D:2      | Gained mutation: You have a fast metabolism. [potion of mutation]
   186 | D:2      | Gained mutation: You can spit poison. [potion of mutation]
   186 | D:2      | Gained mutation: You are agile. (Dex +2) [potion of mutation]
   295 | D:2      | Reached XP level 3. HP: 13/28 MP: 6/6
   329 | D:2      | Found a basalt altar of Yredelemnul.
   411 | D:3      | Found a stormy altar of Qazlal.
   442 | D:3      | Learned a level 3 spell: Spider Form
   666 | D:4      | Noticed Natasha
   728 | D:4      | Found a glowing silver altar of Zin.
   786 | D:4      | Reached XP level 4. HP: 33/36 MP: 1/7
   832 | D:4      | Reached skill level 4 in Unarmed Combat
   870 | D:4      | Reached XP level 5. HP: 12/42 MP: 3/9
   934 | D:4      | Noticed a moth of wrath
   939 | D:4      | Found a bloodstained altar of Trog.
  1025 | D:5      | Entered Level 5 of the Dungeon
  1101 | D:5      | Found an opulent altar of Gozag.
  1120 | D:5      | Reached XP level 6. HP: 7/50 MP: 2/11
  1128 | D:5      | Found a blossoming altar of Fedhas.
  1157 | D:5      | Noticed an ogre
  1174 | D:5      | Killed an ogre
  1174 | D:5      | Reached skill level 5 in Unarmed Combat
  1270 | D:5      | Noticed an ice beast
  1286 | D:5      | Noticed a necrophage
  1295 | D:5      | Killed a necrophage
  1370 | D:5      | Your scales start taking on a glossy black colour.
  1370 | D:5      | Gained mutation: You are resistant to electric shocks. [draconian maturity]
  1370 | D:5      | Reached XP level 7. HP: 11/54 MP: 1/14
  1547 | D:5      | Found a glowing drain.
  1551 | Sewer    | Entered a sewer
  1657 | Sewer    | Found a glowing silver altar of Zin.
  1815 | D:6      | Reached skill level 6 in Unarmed Combat
  1850 | D:5      | Noticed a sky beast
  1858 | D:5      | Killed a sky beast
  1924 | D:7      | Reached skill level 1 in Evocations
  1942 | D:7      | Learned a level 4 spell: Ice Form
  1948 | D:7      | Learned a level 5 spell: Blade Hands
  2010 | D:7      | Got a smoking flail
  2048 | D:7      | Reached XP level 8. HP: 58/63 MP: 12/17
  2176 | D:7      | Found a snail-covered altar of Cheibriados.
  2235 | D:7      | Became a worshipper of Cheibriados the Contemplative
  2318 | D:6      | Reached skill level 7 in Unarmed Combat
  2471 | D:8      | Reached skill level 5 in Transmutations
  2651 | D:8      | Noticed Grum
  2670 | D:8      | Killed Grum
  2670 | D:8      | Reached skill level 5 in Fighting
  2670 | D:8      | Reached XP level 9. HP: 25/71 MP: 15/20
  2682 | D:8      | Reached skill level 1 in Invocations
  2795 | D:8      | Identified the +8,+10 flail of Trog {venom, rC+} (You found it on level 7 of the Dungeon)
  2869 | D:8      | Reached skill level 8 in Unarmed Combat
  3089 | D:9      | Found a staircase to the Lair.
  3099 | D:9      | Found a staircase to the Orcish Mines.
  3163 | D:9      | Found a shadowy altar of Dithmenos.
  3201 | D:10     | Entered Level 10 of the Dungeon
  3224 | D:10     | Reached skill level 5 in Spellcasting
  3458 | D:11     | Noticed a gargoyle
  3473 | D:11     | Killed a gargoyle
  3522 | D:11     | Noticed an unseen horror
  3562 | D:11     | Acquired Cheibriados' first power
  3824 | D:11     | Reached XP level 10. HP: 58/80 MP: 20/22
  4219 | D:11     | Found a portal to a secret trove of treasure.
  4224 | D:11     | Noticed a cyclops
  4310 | D:11     | Killed an unseen horror
  4310 | D:11     | Reached skill level 5 in Dodging
  4310 | D:11     | Reached skill level 1 in Stealth
  4324 | D:12     | Noticed a centaur warrior
  4374 | D:11     | Acquired Cheibriados' second power
  4483 | D:12     | Reached skill level 9 in Unarmed Combat
  4497 | D:12     | Noticed Psyche
  4507 | D:12     | Reached skill level 5 in Evocations
  4536 | D:12     | Noticed Joseph
  4542 | D:12     | Noticed Nergalle
  4563 | D:11     | Identified the Reference Book on Darkness and the Traveller
  4647 | D:12     | Killed Psyche
  4648 | D:12     | Found a labyrinth entrance.
  4657 | Lab      | Entered a labyrinth
  4836 | Lab      | Noticed a minotaur
  4850 | Lab      | Killed a minotaur
  4861 | Lab      | Got a transparent lead amulet
  4861 | Lab      | Got a sparkling ivory ring
  4863 | Lab      | Identified the amulet "Evurylo" {Cons Str-1 Int-3} (You found it in a labyrinth)
  4864 | Lab      | rotfl
  4871 | Lab      | Identified the ring "Plog" {Str+6 SInv Stlth-} (You found it in a labyrinth)
  4876 | Lab      | Learned a level 2 spell: Repel Missiles
  4881 | Lab      | Learned a level 4 spell: Control Teleport
  4885 | Lab      | Learned a level 3 spell: Conjure Flame
  5019 | D:9      | Found a roughly hewn altar of Beogh.
  5140 | Lair:1   | Entered Level 1 of the Lair of Beasts
  5163 | Lair:1   | Reached XP level 11. HP: 61/88 MP: 21/25
  5184 | Lair:1   | Reached skill level 1 in Translocations
  5359 | Lair:2   | Acquired Cheibriados' third power
  5533 | Lair:1   | HP: 3/106 [sheep (9)]
  5548 | Lair:1   | Noticed a black mamba
  5552 | Lair:1   | Killed a black mamba
  5577 | Lair:1   | Lost mutation: You have a fast metabolism. [potion of mutation]
  5577 | Lair:1   | Gained mutation: You are weak. (Str -2) [potion of mutation]
  5577 | Lair:1   | Gained mutation: You can breathe flames. [potion of mutation]
  5780 | Lair:3   | Reached skill level 10 in Unarmed Combat
  5996 | Lair:4   | Found a staircase to the Snake Pit.
  6006 | Lair:5   | Reached skill level 5 in Invocations
  6149 | Lair:5   | Reached XP level 12. HP: 39/97 MP: 16/26
  6151 | Lair:5   | Found a frozen archway.
  6161 | IceCv    | Entered an ice cave
  6328 | IceCv    | Identified Xidasus' Tome of Unstable Necromancy (You found it in an ice cave)
  6357 | IceCv    | Reached skill level 5 in Translocations
  6568 | IceCv    | Reached skill level 11 in Unarmed Combat
  6571 | IceCv    | Reached skill level 5 in Stealth
  6586 | IceCv    | Learned a level 2 spell: Blink
  6588 | IceCv    | Learned a level 1 spell: Animate Skeleton
  6643 | IceCv    | Noticed a frost giant
  6665 | IceCv    | Killed a frost giant
  6683 | IceCv    | Got a flickering tin ring
  6720 | IceCv    | Identified the ring of Henotheism {rPois rC++ rN+} (You found it in an ice cave)
  6722 | IceCv    | nice
  6805 | Lair:5   | Noticed a four-headed hydra
  6809 | Lair:5   | Killed a five-headed hydra
  6809 | Lair:5   | Reached XP level 13. HP: 88/105 MP: 20/28
  7021 | Lair:6   | Identified a scroll of acquirement
  7022 | Lair:6   | Got a pair of ancient boots
  7025 | Lair:6   | Identified the +0 pair of boots "Oqeas" {Str-4 Dex-3} (You acquired it on level 6 of the Lair of Beasts)
  7025 | Lair:6   | ANCIENT!
  7064 | Lair:7   | Reached skill level 12 in Unarmed Combat
  7075 | Lair:8   | Entered Level 8 of the Lair of Beasts
  7079 | Lair:8   | Found a staircase to the Slime Pits.
  7397 | Lair:8   | Noticed a dire elephant
  7397 | Lair:8   | Noticed a dire elephant
  7406 | Lair:8   | Noticed a dire elephant
  7412 | Lair:8   | Killed a dire elephant
  7488 | Lair:8   | Noticed a dire elephant
  7497 | Lair:8   | Killed a dire elephant
  7577 | Lair:8   | Noticed a dire elephant
  7585 | Lair:8   | Killed a dire elephant
  7612 | Lair:8   | Killed a dire elephant
  7622 | Lair:8   | Killed a dire elephant
  7714 | Lair:8   | Noticed a dire elephant
  7721 | Lair:8   | Killed a dire elephant
  7893 | Lair:7   | Reached skill level 13 in Unarmed Combat
  7905 | Lair:7   | Reached skill level 10 in Fighting
  8187 | Lair:6   | Gained mutation: Your wings are large and strong. [draconian growth]
  8187 | Lair:6   | Reached XP level 14. HP: 104/118 MP: 24/29
  8489 | Snake:1  | Entered Level 1 of the Snake Pit
  8506 | Snake:1  | Noticed Asterion
  8514 | Snake:1  | Noticed a spectral weapon
  8558 | Lair:4   | Gained mutation: Your magical capacity is low (-10% MP). [potion of mutation]
  8558 | Lair:4   | Gained mutation: Your flesh is heat resistant. [potion of mutation]
  8558 | Lair:4   | Gained mutation: You passively map a small area around you. [potion of mutation]
  8661 | Snake:1  | Noticed a spectral weapon
  8663 | Snake:1  | Killed Asterion
  8787 | Snake:1  | Noticed Kirke
  8898 | Snake:1  | Noticed a sphinx
  8899 | Snake:1  | Killed a sphinx
  8903 | Snake:1  | Killed Kirke
  9296 | Snake:5  | Entered Level 5 of the Snake Pit
  9311 | Snake:5  | Noticed Vashnia
  9361 | Snake:5  | Killed Vashnia
  9361 | Snake:5  | Reached skill level 10 in Transmutations
  9507 | Snake:5  | Reached skill level 14 in Unarmed Combat
  9507 | Snake:5  | Your ally Vashnia died
  9513 | Snake:5  | Noticed a greater naga
  9527 | Snake:5  | Mangled by a greater naga

Action                   |  1- 3 |  4- 6 |  7- 9 | 10-12 | 13-15 || total
-------------------------+-------+-------+-------+-------+-------++-------
Melee: Unarmed           |   130 |   147 |   374 |   503 |   426 ||  1580
 Cast: Beastly Appendage |    13 |       |       |       |       ||    13
       Spider Form       |       |    11 |    36 |    27 |       ||    74
       Ice Form          |       |       |     2 |    16 |     2 ||    20
       Blade Hands       |       |       |       |    18 |    30 ||    48
       Animate Skeleton  |       |       |       |     2 |    19 ||    21
       Conjure Flame     |       |       |       |       |     2 ||     2
       Blink             |       |       |       |       |     1 ||     1
       Repel Missiles    |       |       |       |       |     1 ||     1
Invok: Bend Time         |       |       |     1 |       |       ||     1
       Slouch            |       |       |       |     3 |     1 ||     4
       Temporal Distorti |       |       |       |     1 |     2 ||     3
 Abil: Spit Poison       |     1 |     1 |     7 |    15 |     4 ||    28
       Breathe Lightning |       |       |     1 |       |     5 ||     6
       Evoke Invisibilit |       |       |     2 |       |       ||     2
       End Transformatio |       |       |       |     4 |    11 ||    15
       Fly               |       |       |       |       |     1 ||     1
Evoke: Wand              |       |       |     1 |     6 |     3 ||    10
       Lamp of fire      |       |       |       |       |     1 ||     1
  Use: Potion            |     3 |     2 |     4 |     7 |     6 ||    22
       Scroll            |     8 |     3 |     6 |    11 |     8 ||    36
 Stab: Invisible         |       |       |     7 |     4 |       ||    11
       Sleeping          |       |       |     1 |     9 |    10 ||    20

Vault maps used:
D:1:      lightli_arrival_statuegarden, minmay_cut_off
D:2:      yredelemnul_altar_generic, first_bread
D:3:      hangedman_feature_mirror, nicolae_qazlal_general_emergency
D:4:      tgw_trog, lemuel_coloured_pillars_altar, lemuel_round_altar,
          uniq_natasha
D:5:      fedhas_altar_3, nicolae_gozag_seed_capital, tgw_xom,
          gup_sewer_entry_spiral
D:6:      temple_hall, hex_large
D:7:      old_standard_altar
D:8:      uniq_grum
D:9:      kennysheep_mini_moat, grunt_dithmenos_smoke_and_mirrors,
          minmay_orc_entry_temple_small, lair_0_dummy
D:11:     enter_trove_6, hangedman_tree_tricks, roderic_three_in_a_row
D:12:     lab_entry_generic, uniq_erica, uniq_psyche, uniq_joseph, uniq_nergalle
Lair:1:   serial_bayou_shore_a
Lair:2:   grunt_forest_stairs_clearing
Lair:3:   minmay_shoals_entry_centaurs, nicolae_quartered_pool_super,
          uniq_prince_ribbit2
Lair:4:   dummy_snake_entry, serial_bayou_shore_b, bh_autumn_forest_stairs
Lair:5:   mu_elephants_graveyard, portal_ice_cave_entry_pillars_02,
          serial_bayou_crossing
Lair:6:   st_stairs_11, nicolae_lair_firefly_meadow, uniq_fannar
Lair:8:   due_jungle_book, nicolae_slime_entry_corroded_items
Snake:1:  basic_altar, uniq_asterion, uniq_kirke
Snake:2:  st_stairs_3
Snake:3:  nicolae_snake_salamander_stairs, grunt_megastairs_3, uniq_saint_roka
Snake:4:  st_stairs_7
Snake:5:  grunt_snake_rune_serpentine_throne, special_room, uniq_vashnia
Lab:      labyrinth_mini_lab
Sewer:    sewer_kobolds
IceCv:    ice_cave_caverns_02
